 Dungeon Crawl Stone Soup version 0.17.1-3-g152610e (webtiles) character file.

1344 Gargoyl the Covered (level 8, 0/82 HPs)
             Began as a Demonspawn Abyssal Knight on Apr 19, 2016.
             Was an Elder of Lugonu.
             Slain by an orc warrior
             ... wielding a +1 glaive of venom
              (5 damage)
             ... on level 6 of the Dungeon.
             The game lasted 00:11:12 (5460 turns).

Gargoyl the Covered (Demonspawn Abyssal Knight)     Turns: 5460, Time: 00:11:12

Health: 0/82       AC: 24    Str: 25    XL:     8   Next: 36%
Magic:  10/10      EV:  2    Int: 14    God:    Lugonu [****..]
Gold:   146        SH:  0    Dex: 12    Spells: 0 memorised, 7 levels left

rFire  . . .     SeeInvis .     q - +1 war axe
rCold  . . .     Clarity  +     (armour currently unavailable)
rNeg   + + +     SustAt   .     (no shield)
rPois  +         Gourm    .     (helmet currently unavailable)
rElec  .         Spirit   .     (cloak currently unavailable)
rCorr  .         Warding  .     (gloves currently unavailable)
rMut   .         NoTele   +     (boots currently unavailable)
MR     +....                    (no amulet)
Stlth  ++........               t - ring of protection from magic
                                C - +3 ring of strength

@: mighty, tree-form, very slightly contaminated, hasted, very quick, somewhat
resistant to hostile enchantments, unstealthy
A: (claws 0), berserk 1, clarity, demonic guardian 1, frail 1, (spiny 0), strong
1, no device heal 1
a: Depart the Abyss, Bend Space, Banish, Corrupt, Renounce Religion


You were on level 6 of the Dungeon.
You worshipped Lugonu.
Lugonu was greatly pleased with you.
You were not hungry.
You were a tree.
You visited 1 branch of the dungeon, and saw 6 of its levels.
You visited the Abyss 1 time.
You also visited: Ossuary.

You collected 421 gold pieces.
You spent 275 gold pieces at shops.

Inventory:

Hand Weapons
 q - a +1 war axe (weapon)
Armour
 j - a +0 pair of gloves (melded)
 n - a +1 helmet (melded)
 o - a +0 chain mail (melded)
Jewellery
 l - a cursed ring of teleportation
 t - a ring of protection from magic (right branch)
 C - a +3 ring of strength (left branch)
Wands
 u - a wand of fireball (7)
Scrolls
 b - 2 scrolls of recharging
 g - 6 scrolls of identify
Potions
 B - a potion of invisibility {unknown}
Comestibles
 a - a slice of pizza
 c - 4 bread rations
 f - 3 meat rations
 i - a beef jerky


   Skills:
 + Level 5.1 Fighting
 + Level 4.0 Axes
 * Level 6.8 Armour
 + Level 2.9 Dodging
 + Level 1.1 Stealth
 + Level 3.5 Invocations
 + Level 0.8 Evocations


You had 7 spell levels left.
You didn't know any spells.

Dungeon Overview and Level Annotations

Branches:
Dungeon (6/15)
 Temple: D:4-7

Altars:
Fedhas
Nemelex Xobeh
Ru
Vehumet
Xom

Shops:
D:4 =!%(


Innate Abilities, Weirdness & Mutations

((You have very sharp fingernails.))
A weak demonic guardian rushes to your aid.
((You are mostly covered in sharp spines.))
You tend to lose your temper in combat.
You possess an exceptional clarity of mind.
You are frail (-10% HP).
Your muscles are strong. (Str +2)
Potions and wands are less effective at restoring your health.


Message History

You hit the wight but do no damage.
The wight is severely damaged.
You feel sick.
The wight hits you with an enchanted dire flail.
* * * LOW HITPOINT WARNING * * *
The orc warrior hits you from afar with a glaive of venom.
* * * LOW HITPOINT WARNING * * *
Drink which item? (? for menu, Esc to quit)
You feel better. The wight completely misses you.
You slash the wight!
You destroy the wight!
Lugonu accepts your kill.
The orc warrior hits you from afar with a glaive of venom!
* * * LOW HITPOINT WARNING * * *
Unknown command.
Drink which item? (? for menu, Esc to quit)
It was a potion of might.
You feel very mighty all of a sudden.
The orc warrior hits you from afar with a glaive of venom.
You die...

#...# ##..# #).# #)5###
######.)..##
#..........## #
#.....).....#
.##..######...........#
.......†♣)o.............
..#.#######..........##..
#..........# #.
#..........# ############


You could see an orc warrior.

Vanquished Creatures
  2 ogres
  5 wights (D:6)
  A crimson imp (D:3)
  A human zombie (Ossuary)
  6 centaur zombies (Ossuary)
  A jelly (D:5)
  A giant frog skeleton (D:5)
  An orc priest (D:5)
  A worker ant (D:5)
  A hound (D:5)
  6 orc wizards
  Natasha (thrice) (D:3)
  A statue (D:5)
  2 big kobold zombies (Ossuary)
  2 hound zombies (Ossuary)
  3 mummies (Ossuary)
  Robin (D:2)
  A gnoll (D:1)
  6 adders
  3 adder zombies (Ossuary)
  2 worms (D:3)
  3 giant geckos
  17 orcs
  A ball python (D:2)
  A gnoll zombie (Ossuary)
  11 goblins
  11 hobgoblins
  2 jackals (D:3)
  2 quokkas
  8 bats
  5 giant cockroaches
  6 giant newts
  5 goblin zombies (Ossuary)
  3 hobgoblin zombies (Ossuary)
  4 jackal zombies (Ossuary)
  2 kobolds
  A kobold zombie (Ossuary)
  A quokka zombie (Ossuary)
  8 rats
  5 rat zombies (Ossuary)
146 creatures vanquished.

Vanquished Creatures (collateral kills)
  An orc priest (D:6)
  A hobgoblin (D:3)
2 creatures vanquished.

Grand Total: 148 creatures vanquished

Notes
Turn   | Place    | Note
--------------------------------------------------------------
     0 | Abyss:1  | Gargoyl the Demonspawn Abyssal Knight began the quest for the Orb.
     0 | Abyss:1  | Reached XP level 1. HP: 18/18 MP: 2/2
    38 | Abyss:1  | Noticed a small abomination
   103 | Abyss:2  | Noticed a small abomination
   112 | Abyss:2  | Noticed a tentacled monstrosity
   135 | Abyss:2  | Noticed a bone dragon
   136 | Abyss:2  | Noticed a chaos spawn
   137 | D:1      | Escaped the Abyss
   562 | D:1      | Reached * piety under Lugonu
   562 | D:1      | Gained mutation: You are partially covered in sharp spines. [demonic ancestry]
   562 | D:1      | Reached XP level 2. HP: 16/24 MP: 4/4
   648 | D:1      | Reached skill level 1 in Dodging
   900 | D:2      | Gained mutation: You are mostly covered in sharp spines. [demonic ancestry]
   900 | D:2      | Reached XP level 3. HP: 22/29 MP: 5/5
  1039 | D:2      | Found a sparkling altar of Nemelex Xobeh.
  1205 | D:2      | Noticed Robin
  1212 | D:2      | Killed Robin
  1212 | D:2      | Gained mutation: You have sharp fingernails. [demonic ancestry]
  1212 | D:2      | Reached XP level 4. HP: 29/37 MP: 6/6
  1333 | D:2      | Reached ** piety under Lugonu
  1907 | D:3      | Reached skill level 4 in Fighting
  1910 | D:3      | Gained mutation: Your muscles are strong. (Str +2) [potion of beneficial mutation]
  1911 | D:3      | Gained mutation: You possess an exceptional clarity of mind. [potion of beneficial mutation]
  2073 | D:3      | Noticed Natasha
  2078 | D:3      | Killed Natasha
  2078 | D:3      | Reached XP level 5. HP: 24/42 MP: 7/7
  2093 | D:3      | Noticed Natasha
  2094 | D:3      | Killed Natasha
  2428 | D:3      | Found a sacrificial altar of Ru.
  2456 | D:3      | Reached *** piety under Lugonu
  2641 | D:3      | Noticed Natasha
  2644 | D:3      | Killed Natasha
  2949 | D:4      | Found Gawalife's Food Shoppe.
  2952 | D:4      | Found Xaitouva's Weapon Boutique.
  3031 | D:4      | Noticed an ogre
  3039 | D:4      | Found a sand-covered staircase.
  3044 | Ossuary  | Entered an ossuary
  3092 | Ossuary  | Reached XP level 6. HP: 44/48 MP: 8/8
  3379 | Ossuary  | Gained mutation: You have very sharp fingernails. [demonic ancestry]
  3379 | Ossuary  | Reached XP level 7. HP: 52/55 MP: 9/9
  3389 | Ossuary  | Reached **** piety under Lugonu
  3390 | Ossuary  | Reached skill level 5 in Armour
  3506 | D:4      | Killed an ogre
  3506 | D:4      | Reached skill level 1 in Stealth
  3716 | D:4      | Found Vaoril's Jewellery Boutique.
  3719 | D:4      | Bought a +3 ring of strength for 204 gold pieces
  3904 | D:4      | Found Besereh's Distillery.
  3907 | D:4      | Bought a potion of mutation for 32 gold pieces
  3907 | D:4      | Bought a potion of curing for 39 gold pieces
  3907 | D:4      | Gained mutation: You tend to lose your temper in combat. [potion of mutation]
  3907 | D:4      | Gained mutation: Potions and wands are less effective at restoring your health. [potion of mutation]
  3907 | D:4      | Gained mutation: You are frail (-10% HP). [potion of mutation]
  4167 | D:4      | Found a blossoming altar of Fedhas.
  4211 | D:5      | Entered Level 5 of the Dungeon
  4360 | D:5      | Found a shimmering altar of Xom.
  4360 | D:5      | Found a shimmering altar of Xom.
  4360 | D:5      | Found a shimmering altar of Xom.
  4361 | D:5      | Found a shimmering altar of Xom.
  4721 | D:5      | Reached skill level 6 in Armour
  4984 | D:5      | Found a radiant altar of Vehumet.
  5415 | D:6      | Gained mutation: A weak demonic guardian rushes to your aid. [demonic ancestry]
  5415 | D:6      | Reached XP level 8. HP: 34/54 MP: 10/10
  5419 | D:6      | Reached skill level 5 in Fighting
  5460 | D:6      | Slain by an orc warrior

Action                   |  1- 3 |  4- 6 |  7- 9 || total
-------------------------+-------+-------+-------++-------
Melee: Hand axe          |    45 |    25 |       ||    70
       War axe           |       |    84 |    77 ||   161
Invok: Depart the Abyss  |     1 |       |       ||     1
       Bend Space        |       |       |     1 ||     1
Evoke: Wand              |       |       |     4 ||     4
  Use: Scroll            |       |     3 |    11 ||    14
       Potion            |       |     2 |    15 ||    17
  Eat: Chunk             |     1 |     5 |     5 ||    11
       Royal jelly       |       |       |     1 ||     1
       Pizza             |       |       |     1 ||     1
